 Dungeon Crawl Stone Soup version 0.16-a0-3636-gf0307c9 (webtiles) character file.

39307 Minkie the Nimble (level 13, -10/98 HPs)
             Began as a Vampire Enchanter on Jan 15, 2015.
             Was the Champion of Kikubaaqudgha.
             Killed by divine providence
             ... invoked by an orc priest
              (15 damage)
             ... on level 3 of the Orcish Mines.
             The game lasted 02:02:33 (19941 turns).

Minkie the Nimble (Vampire Enchanter)              Turns: 19941, Time: 02:02:33

Health: -10/98     AC: 12    Str:  9    XL:     13   Next: 68%
Magic:  6/28       EV: 22    Int: 21    God:    Kikubaaqudgha [******]
Gold:   1243       SH:  5    Dex: 14    Spells: 3 memorised, 18 levels left

rFire  + + .     SeeInvis +     h - +2 dagger (protect)
rCold  + . .     Clarity  +     o - +2 robe {rF+}
rNeg   + + .     SustAb   .     Q - +0 buckler
rPois  +         Gourm    .     (helmet restricted)
rElec  .         Spirit   .     D - +0 cloak
rCorr  .         Warding  .     n - +0 pair of gloves
rMut   .         Stasis   .     P - +0 pair of boots
MR     ++...                    V - amulet "Petuluc" {Clar Contam +Rage MR+}
Stlth  +++++.....               K - +3 ring of evasion
                                Z - ring of protection from fire

@: very slightly contaminated, regenerating slowly, very resistant to hostile
enchantments, quite stealthy
A: bottle blood, antennae 1, fangs 3, see invisible, clever 1, unbreathing
a: Bat Form, Receive Corpses, Torment, Renounce Religion, Evoke Berserk Rage


You were on level 3 of the Orcish Mines.
You worshipped Kikubaaqudgha.
Kikubaaqudgha was exalted by your worship.
You were thirsty.

You visited 4 branches of the dungeon, and saw 18 of its levels.
You also visited: Ossuary and Volcano.

You collected 1790 gold pieces.
You spent 547 gold pieces at shops.

Inventory:

Hand weapons
 c - a +2 dagger of pain
 h - a +2 dagger of protection (weapon)
Missiles
 p - 3 poisoned javelins (quivered)
Armour
 n - a +0 pair of gloves (worn)
 o - a +2 robe of fire resistance (worn)
 D - a +0 cloak (worn)
 P - a +0 pair of boots (worn)
 Q - a +0 buckler (worn)
Jewellery
 K - a +3 ring of evasion (right hand)
 V - the amulet "Petuluc" (around neck) {Clar Contam +Rage MR+}
   (You bought it in a shop on level 10 of the Dungeon)

   [amulet of clarity]

   It provides mental clarity.
   It affects your resistance to hostile enchantments.
   It lets you go berserk.
   It causes magical contamination when unequipped.
 Y - an uncursed ring of protection from fire
 Z - a ring of protection from fire (left hand)
Magical devices
 e - a wand of random effects (20)
 F - a wand of digging (22)
Scrolls
 a - 2 scrolls of teleportation
 b - 2 scrolls of identify
 f - 2 scrolls of immolation
 i - 4 scrolls of remove curse
 j - 5 scrolls of magic mapping
 k - 2 scrolls of fog
 m - a scroll of blinking
 A - 2 scrolls of fear
Potions
 d - 17 potions of blood
 g - 9 potions of curing
 l - 2 potions of cure mutation
 q - 2 potions of brilliance
 r - a potion of resistance
 s - a potion of cancellation
 z - 2 potions of restore abilities
 E - 2 potions of haste
 H - 2 potions of heal wounds
 I - a potion of magic
Books
 v - a book of Ice

   Spells                             Type                      Level
   a - Ice Form                       Ice/Transmutation            4
   b - Metabolic Englaciation         Hexes/Ice                    5
   c - Ozocubu's Refrigeration        Ice                          6
   d - Bolt of Cold                   Conjuration/Ice              6
   e - Freezing Cloud                 Conjuration/Ice/Air          6
   f - Simulacrum                     Ice/Necromancy               6


   Skills:
 + Level 7.6 Fighting
 - Level 10.0 Short Blades
 - Level 3.0 Armour
 + Level 11.2 Dodging
 - Level 8.0 Stealth
 - Level 5.0 Shields
 - Level 7.0 Spellcasting
 - Level 10.0 Hexes
 + Level 7.4 Necromancy
 + Level 5.7 Ice Magic
 - Level 7.0 Earth Magic


You had 18 spell levels left.
You knew the following spells:

 Your Spells              Type           Power        Failure   Level  Hunger
b - Ensorcelled Hibernat  Hex/Ice        #####.       1%          2    None
c - Confuse               Hex            #####...     1%          3    #......
d - Stone Arrow           Conj/Erth      ###...       10%         3    #......


Dungeon Overview and Level Annotations

Branches:
Dungeon (11/15)            Temple (1/1) D:5            Lair (3/8) D:11
    Orc (3/4) D:11
  Swamp: Lair:3-6    Shoals: Lair:3-6     Snake: Lair:3-6    Spider: Lair:3-6
    Elf: Orc:3-4

Altars:
Ashenzari
Cheibriados
Dithmenos
Elyvilon
Fedhas
Gozag
Kikubaaqudgha
Makhleb
Nemelex Xobeh
Okawaru
Qazlal
Ru
Sif Muna
Trog
Vehumet
Xom
Yredelemnul
Zin
The Shining One
Beogh

Shops:
D:10 =   D:11 ?   Orc:2 *


Innate Abilities, Weirdness & Mutations

You heal slowly.
You can bottle blood from corpses.
You have razor-sharp teeth.
You have supernaturally acute eyesight.
You can survive without breathing.
You have a pair of small antennae on your head.
Your mind is acute. (Int +2)


Message History

The sixfirhy hits you!
* * * LOW HITPOINT WARNING * * *
The sixfirhy shocks you!
* * * LOW HITPOINT WARNING * * *
You block the neqoxec's attack.
The orc priest looks braver.
The shadow imp grins evilly.
Read which item? (? for menu, Esc to quit)
Blink to where?
Press: ? - help, Dir - move target cursor, p - orc high priest You are very lightly contaminated with residual magic.
As you read the scroll of blinking, it crumbles to dust.
The sixfirhy disappears in a puff of smoke!
The orc high priest mumbles some strange prayers to Beogh against you.
Something smites you!
* * * LOW HITPOINT WARNING * * *
The orc priest calls down the wrath of Beogh upon you.
Something smites you!
You die...
Kikubaaqudgha rasps: "You have failed me!
Welcome... oblivion!"

)......#3o)#..........(%# ###
.......#...#..........).###.##.#
########o..###############.......
#...# #....... ##)## #....#..
####o######## ####.......
##....4......## ###..........
#......o......###............
##..........@.........)......
###..................)><.... ###
#...#......#.......)).....
##.###......)....#...##........
#...........))..###.###.......#
##............### ####.........
##.....##...## #.........
#)....###### #.....#... ##..#.##
##.#...#..


You could see an orc high priest, a red devil and an orc priest.

Vanquished Creatures
  Rupert (Lair:3)
  An orc warlord (Orc:3)
  A fire dragon (D:9)
  Urug (D:10)
  A hill giant (D:10)
  An orc sorcerer (Orc:3)
  2 orc knights (Orc:3)
  A cyclops (D:11)
  The ghost of aori the Conjurer, an experienced HEWz of Ashenzari (D:6)
  2 elephants
  Maurice (D:10)
  5 spiny frogs
  A gargoyle (D:11)
  A fire drake (Lair:1)
  A komodo dragon (Lair:1)
  2 two-headed ogres
  A fire vortex (Orc:2)
  7 blink frogs
  Prince Ribbit (D:5)
  2 wyverns
  2 hippogriffs
  A deep elf mage (D:10)
  20 yaks
  A wraith (D:10)
  2 water moccasins
  2 sky beasts
  6 porcupines
  25 orc warriors
  2 ice beasts
  A phantom (D:5)
  11 ogres
  7 centaurs
  5 crocodiles
  Sigmund (D:3)
  Blork the orc (D:4)
  5 giant frogs
  2 wyvern zombies
  A big kobold (D:9)
  A gnoll sergeant (D:6)
  13 killer bees
  11 scorpions
  4 wights (D:8)
  2 electric eels (Lair:1)
  9 crimson imps
  3 goliath beetles
  2 quasits
  5 centaur zombies
  2 giant frog zombies (D:6)
  5 hounds
  15 orc priests
  3 giant frog skeletons
  2 human zombies (Ossuary)
  2 jellies
  2 centaur skeletons
  20 orc wizards
  6 iguanas
  10 worker ants
  A killer bee zombie (D:9)
  Jessica (D:2)
  2 big kobold zombies (Ossuary)
  A sheep (D:11)
  2 hound zombies
  Terence (D:2)
  5 mummies
  A worker ant zombie (D:6)
  20 adders
  4 gnolls (D:6)
  32 river rats
  4 scorpion zombies (Ossuary)
  A shadow imp (D:8)
  2 worms
  2 giant mites
  4 adder skeletons
  An ooze (D:6)
  111 orcs
  2 ball pythons
  A bat skeleton (D:8)
  7 giant cockroaches
  2 gnoll zombies (Ossuary)
  21 hobgoblins
  21 kobolds
  10 quokkas
  13 bats
  8 giant geckos
  A giant gecko zombie (D:5)
  11 giant newts
  4 giant spores
  19 goblins
  2 goblin zombies (Ossuary)
  2 hobgoblin zombies (Ossuary)
  23 jackals
  A jackal zombie (D:6)
  2 orc zombies (Ossuary)
  3 quokka skeletons
  21 rats
  6 ballistomycetes (D:6)
621 creatures vanquished.

Notes
Turn   | Place    | Note
--------------------------------------------------------------
     0 | D:1      | Minkie, the Vampire Enchanter, began the quest for the Orb.
     0 | D:1      | Reached XP level 1. HP: 13/13 MP: 3/3
   473 | D:1      | Reached XP level 2. HP: 19/19 MP: 4/4
   477 | D:1      | Learned a level 2 spell: Ensorcelled Hibernation
   878 | D:1      | Reached XP level 3. HP: 20/24 MP: 0/6
  1003 | D:1      | Reached skill level 5 in Stealth
  1010 | D:1      | Reached skill level 1 in Ice Magic
  1560 | D:2      | Noticed Terence
  1607 | D:2      | Killed Terence
  1793 | D:2      | Learned a level 3 spell: Confuse
  1846 | D:2      | Reached skill level 5 in Hexes
  1846 | D:2      | Reached XP level 4. HP: 30/30 MP: 7/7
  1852 | D:2      | Noticed Jessica
  1869 | D:2      | Killed Jessica
  2131 | D:2      | Reached XP level 5. HP: 22/35 MP: 1/9
  2321 | D:2      | Found an opulent altar of Gozag.
  2558 | D:3      | Found a white marble altar of Elyvilon.
  2858 | D:3      | Noticed Sigmund
  2868 | D:3      | Killed Sigmund
  2868 | D:3      | Reached skill level 6 in Stealth
  2868 | D:3      | Reached XP level 6. HP: 41/41 MP: 4/10
  3449 | D:4      | Found a burning altar of Makhleb.
  3651 | D:4      | Noticed Blork the orc
  3655 | D:4      | Killed Blork the orc
  3987 | D:5      | Entered Level 5 of the Dungeon
  4129 | D:5      | Reached XP level 7. HP: 37/46 MP: 8/12
  4265 | D:5      | Reached skill level 7 in Stealth
  4343 | D:5      | Noticed Prince Ribbit
  4893 | D:5      | Killed Prince Ribbit
  4893 | D:5      | Reached skill level 5 in Dodging
  5087 | D:5      | Reached XP level 8. HP: 50/52 MP: 6/13
  5524 | D:5      | Reached skill level 8 in Stealth
  5644 | D:5      | Reached skill level 5 in Short Blades
  5687 | D:5      | Found a staircase to the Ecumenical Temple.
  5693 | Temple   | Entered the Ecumenical Temple
  5755 | Temple   | Became a worshipper of Kikubaaqudgha
  5840 | D:6      | Found a bloodstained altar of Trog.
  6074 | D:6      | Found a sacrificial altar of Ru.
  6137 | D:6      | Found a shimmering altar of Xom.
  6145 | D:6      | Found a shimmering altar of Xom.
  6146 | D:6      | Found a shimmering altar of Xom.
  6146 | D:6      | Found a shimmering altar of Xom.
  6148 | D:6      | Found a shimmering altar of Xom.
  6148 | D:6      | Found a shimmering altar of Xom.
  6249 | D:6      | Noticed aori's ghost (experienced HEWz)
  6262 | D:6      | Killed aori's ghost
  6262 | D:6      | Reached skill level 9 in Hexes
  6262 | D:6      | Reached XP level 9. HP: 47/57 MP: 8/14
  6787 | D:6      | Reached skill level 10 in Hexes
  6982 | D:7      | Acquired Kikubaaqudgha's first power
  6982 | D:7      | Received a gift from Kikubaaqudgha
  6983 | D:7      | Identified Kikubaaqudgha's Catalogue of Dark Rites (Kikubaaqudgha gifted it to you on level 7 of the Dungeon)
  7186 | D:7      | Found a sand-covered staircase.
  7194 | Ossuary  | Entered an ossuary
  7478 | Ossuary  | Gained mutation: You have a pair of small antennae on your head. [potion of beneficial mutation]
  8464 | D:7      | Reached XP level 10. HP: 63/63 MP: 13/16
  8761 | D:7      | Acquired Kikubaaqudgha's second power
  9058 | D:8      | Reached skill level 1 in Armour
 10200 | D:8      | Reached skill level 10 in Short Blades
 10497 | D:9      | Found a glowing golden altar of the Shining One.
 10507 | D:9      | Reached skill level 1 in Shields
 10698 | D:9      | Got a creamy pearl robe
 10709 | D:9      | Identified the cursed -1 robe "Skuo" {Slay+5} (You found it on level 9 of the Dungeon)
 10929 | D:9      | Found a snail-covered altar of Cheibriados.
 11092 | D:9      | Reached skill level 10 in Dodging
 11104 | D:9      | Received a gift from Kikubaaqudgha
 11145 | D:9      | Identified Kikubaaqudgha's Grimoire of Dark Rituals (Kikubaaqudgha gifted it to you on level 9 of the Dungeon)
 11282 | D:9      | Noticed a fire dragon
 11313 | D:9      | Reached skill level 1 in Necromancy
 11321 | D:9      | Killed a fire dragon
 11321 | D:9      | Reached skill level 1 in Fighting
 11321 | D:9      | Reached XP level 11. HP: 64/70 MP: 10/18
 11655 | D:10     | Entered Level 10 of the Dungeon
 11879 | D:10     | Found Hyrap's Jewellery Shoppe.
 11888 | D:10     | Bought the amulet "Petuluc" {Clar Contam +Rage MR+} for 457 gold pieces
 11985 | D:10     | Noticed a hill giant
 12003 | D:10     | Killed a hill giant
 12055 | D:10     | Reached skill level 5 in Shields
 12182 | D:10     | Learned a level 3 spell: Stone Arrow
 12464 | D:10     | Noticed Maurice
 12497 | D:10     | Killed Maurice
 12497 | D:10     | Acquired Kikubaaqudgha's third power
 12497 | D:10     | Reached skill level 1 in Earth Magic
 12603 | D:10     | Noticed Urug
 12612 | D:10     | Killed Urug
 13033 | D:11     | Found a staircase to the Orcish Mines.
 13071 | D:11     | Found a staircase to the Lair.
 13486 | D:11     | Reached skill level 5 in Necromancy
 13604 | D:11     | Found Wiaw's Magic Scroll Shoppe.
 13607 | D:11     | Bought a scroll of identify for 28 gold pieces
 13607 | D:11     | Bought a scroll of identify for 28 gold pieces
 13849 | Lair:1   | Entered Level 1 of the Lair of Beasts
 14122 | Lair:1   | Reached skill level 5 in Spellcasting
 14214 | Lair:1   | Found a dark tunnel.
 14222 | Volcano  | Entered a volcano
 14248 | Volcano  | Reached XP level 12. HP: 67/84 MP: 19/24
 14820 | Lair:1   | Found a shadowy altar of Dithmenos.
 14914 | Lair:1   | Reached XP level 13. HP: 88/94 MP: 22/27
 15716 | Lair:1   | Gained mutation: Your mind is acute. (Int +2) [potion of beneficial mutation]
 16012 | Lair:2   | Acquired Kikubaaqudgha's fourth power
 16329 | Lair:3   | Noticed Rupert
 16352 | Lair:3   | Killed Rupert
 17081 | Orc:1    | Entered Level 1 of the Orcish Mines
 18547 | Orc:2    | Found Khe Khor's Assorted Antiques.
 18553 | Orc:2    | Bought a scroll labeled SHU VEHOYNT for 34 gold pieces
 18821 | Orc:2    | Found a glowing silver altar of Zin.
 19233 | Orc:3    | Reached skill level 5 in Ice Magic
 19304 | Orc:3    | Noticed an orc warlord
 19353 | Orc:3    | Reached skill level 11 in Dodging
 19494 | Orc:3    | Killed an orc warlord
 19903 | Orc:3    | Found a roughly hewn altar of Beogh.
 19941 | Orc:3    | Killed from afar by an orc priest

Action                   |  1- 3 |  4- 6 |  7- 9 | 10-12 | 13-15 || total
-------------------------+-------+-------+-------+-------+-------++-------
Melee: Dagger            |   153 |   172 |   402 |   454 |   309 ||  1490
Throw: Javelin           |       |       |     4 |     2 |       ||     6
 Cast: Ensorcelled Hiber |    17 |    33 |    69 |   185 |   224 ||   528
       Confuse           |       |     5 |    46 |    45 |    21 ||   117
       Stone Arrow       |       |       |       |     7 |     5 ||    12
 Abil: End Transformatio |       |       |     1 |       |     1 ||     2
       Bat Form          |       |       |     1 |       |     1 ||     2
Evoke: Wand              |       |       |       |     1 |       ||     1
  Use: Scroll            |       |     5 |     7 |    23 |     4 ||    39
       Potion            |       |       |     3 |     2 |     3 ||     8
 Stab: Sleeping          |    16 |    52 |    65 |   139 |   173 ||   445
       Confused          |       |     4 |    29 |    26 |    12 ||    71
       Distracted        |       |       |       |     1 |       ||     1
  Eat: Corpse            |       |       |       |     2 |       ||     2
